Map: [G8] Gresvan

Players

HeroMarine

  • Race: Terran Terran
  • Spawn Location: 11:00

herO - Winner!

  • Race: Protoss Protoss
  • Spawn Location: 5:00

Event: Gamers8 2023

VOD

Have the link to the VOD?

Description

Time

  • Played on: Aug. 3, 2023, 7:35 a.m.
  • Length: 13:26

All games in this series

Show
View Real Time Build Order
Export as new Build Order

HeroMarine Terran 

Build Orders:  

Get SALT Encoding   

  12  0:00  SCV  
  13  0:12  SCV  
  14  0:17  Supply Depot  
  14  0:24  SCV  
  15  0:39  SCV  
  15  0:40  Barracks  
  16  0:43  Refinery  
  16  0:51  SCV  
  16  0:52  Refinery  
  17  1:03  SCV  
  18  1:15  SCV  
  19  1:27  Orbital Command, Reaper  
  19  1:29  Supply Depot  
  20  1:40  Factory  
  20  1:53  SCV  
  21  1:59  Reaper  
  22  2:05  SCV  
  23  2:16  Command Center  
  23  2:17  SCV  
  24  2:24  Hellion  
  27  2:30  SCV  
  27  2:32  Barracks Reactor  
  27  2:38  Starport  
  27  2:42  SCV  
  28  2:45  Supply Depot  
  28  2:47  Factory Tech Lab  
  28  2:54  SCV  
  29  3:09  Cyclone  
  29  3:10  Marine x2  
  34  3:13  SCV  
  34  3:18  Medivac  
  37  3:25  SCV  
  38  3:28  Marine x2, Orbital Command  
  38  3:37  SCV  
  38  3:41  Cyclone  
  40  3:44  Bunker  
  40  3:46  Marine x2  
  42  3:49  SCV  
  42  3:55  Viking  
  45  3:58  SCV  
  45  4:01  SCV  
  47  4:07  Marine x2, Supply Depot  
  49  4:10  SCV  
  49  4:13  SCV  
  49  4:15  Siege Tank  
  54  4:28  Marine x2  
  54  4:29  SCV x2  
  58  4:31  Starport Tech Lab, Supply Depot  
  58  4:36  Supply Depot  
  58  4:41  SCV x2  
  60  4:46  Marine x2  
  60  4:47  Barracks  
  60  4:52  Supply Depot  
  62  4:53  Raven, SCV x2  
  66  5:04  Marine x2  
  66  5:05  Barracks, SCV  
  66  5:06  SCV  
  67  5:11  Siege Tank  
  67  5:17  SCV  
  67  5:18  SCV  
  67  5:22  Marine x2  
  67  5:28  Refinery, Engineering Bay  
  69  5:33  SCV  
  69  5:34  SCV  
  71  5:38  Barracks  
  71  5:39  Barracks  
  71  5:40  Marine x2  
  73  5:45  SCV  
  73  5:46  Refinery, SCV, Supply Depot  
  75  5:52  Stimpack  
  75  5:56  Terran Infantry Weapons Level 1  
  75  5:57  Marine x2  
  75  5:59  Factory Tech Lab, Missile Turret  
  75  6:00  Marine x2  
  75  6:02  Combat Shield  
  79  6:05  Supply Depot  
  79  6:06  SCV  
  79  6:07  SCV  
  77  6:14  Starport Reactor  
  77  6:18  SCV  
  77  6:19  Marine x2, SCV  
  77  6:20  Marine x2  
  77  6:23  Siege Tank  
  86  6:26  Marine x2  
  86  6:28  Supply Depot  
  88  6:36  Supply Depot  
  88  6:37  Marine x2  
  90  6:42  Marine x2  
  92  6:50  Viking x2  
  96  6:54  Marine x2  
  96  6:55  Siege Tank, Marine  
  96  6:59  Marine x2, Missile Turret  
  96  7:01  Marine  
  105  7:12  Marine x2  
  105  7:13  Marine  
  108  7:20  Viking x2  
  108  7:21  Marine x3  
  115  7:25  Supply Depot  
  115  7:29  Siege Tank  
  118  7:30  Marine x2  
  118  7:32  Marine  
  121  7:39  Marine x3  
  124  7:48  Supply Depot  
  118  7:54  Viking x2  
  121  8:01  Siege Tank  
  121  8:02  Marauder x2  
  124  8:24  Viking x2  
  124  8:27  Marine x5  
  124  8:28  Marine  
  124  8:31  Missile Turret  
  124  8:33  Siege Tank  
  133  8:44  Marine  
  133  8:45  Marine x2  
  116  8:53  Marauder x2  
  116  8:54  Viking x2  
  112  8:56  Marine  
  112  9:02  Marine x2  
  112  9:03  Marine  
  110  9:13  Marine  
  110  9:14  Marine x2  
  110  9:20  Siege Tank  
  110  9:24  Viking x2  
  110  9:27  Marine  
  110  9:28  Marine  
  110  9:30  Marine  
  88  9:31  Marine  
  88  9:35  Marine  
  88  9:36  Marine  
  83  9:45  Marine, Terran Infantry Armor Level 1  
  84  9:46  Marine  
  84  9:47  Marine  
  84  9:49  Marine  
  84  9:52  Siege Tank  
  89  9:53  Marine x2  
  89  9:57  Medivac x2  
  90  10:02  Marine  
  90  10:05  Marine x2  
  92  10:07  Marine  
  92  10:11  Marine x2  
  89  10:20  Marine  
  79  10:23  Marine x2  
  79  10:24  Siege Tank  
  79  10:25  Marine  
  79  10:27  Medivac x2  
  88  10:29  Marine x2  
  90  10:38  Marine  
  90  10:40  Marine  
  90  10:41  Marine  
  93  10:43  Marine  
  93  10:47  Marine x2  
  96  10:56  Siege Tank, Marine  
  100  10:57  Liberator x2  
  100  10:58  Marine  
  100  10:59  Marine  
  100  11:00  Marine  
  109  11:04  Marine  
  109  11:05  Marine  
  111  11:14  Marine  
  111  11:16  Marine x2  
  114  11:23  Marine  
  115  11:26  Marine  
  115  11:28  Siege Tank, Orbital Command  
  116  11:40  Viking x2  
  111  11:47  Marine x2  
  111  11:48  Marine x2  
  111  11:50  Marine  
  111  11:51  Marine  
  115  12:05  Marine  
  115  12:08  Marine x2  
  117  12:10  Medivac, Viking, Marine x3  
  113  12:23  Marine  
  113  12:26  Marine x2, Refinery  
  113  12:27  Marine, Refinery  
  113  12:28  Marine x2  
  119  12:32  Siege Tank  
  122  12:40  Medivac x2  
  122  12:41  Marine  
  106  12:46  Marine  
  106  12:49  Marine x2  
  97  12:52  Marine x2  
  97  12:54  Orbital Command  
  97  12:59  Marine  
  97  13:04  Marine  
  95  13:07  Marine x2  
Show
View Real Time Build Order
Export as new Build Order

herO Protoss - Winner!

Build Orders: 1 Gate Expand, Oracle Opening, Phoenix Opening, Colossus Rush 

Get SALT Encoding   

  12  0:00  Probe  
  13  0:12  Probe  
  14  0:17  Pylon  
  14  0:24  Probe (Chrono Boost)  
  15  0:30  Assimilator  
  16  0:36  Probe (Chrono Boost)  
  16  0:43  Probe (Chrono Boost)  
  16  0:46  Gateway  
  17  0:51  Probe  
  18  1:03  Probe  
  19  1:15  Probe  
  20  1:24  Nexus  
  20  1:33  Cybernetics Core  
  20  1:36  Probe  
  21  1:42  Assimilator  
  21  1:48  Probe  
  21  1:52  Pylon  
  22  2:01  Probe  
  23  2:10  Sentry (Chrono Boost)  
  23  2:13  Probe  
  26  2:19  Shield Battery  
  26  2:23  Stargate  
  26  2:24  Adept (Chrono Boost)  
  26  2:27  Probe (Chrono Boost)  
  29  2:36  Probe (Chrono Boost)  
  30  2:38  Warp Gate  
  31  2:44  Probe (Chrono Boost)  
  31  2:45  Probe (Chrono Boost)  
  31  2:50  Probe x2 (Chrono Boost)  
  33  2:55  Adept  
  36  3:02  Probe x2  
  36  3:04  Oracle (Chrono Boost)  
  36  3:05  Pylon  
  41  3:14  Probe  
  41  3:15  Probe  
  41  3:18  Gateway  
  43  3:27  Probe x2  
  45  3:34  Phoenix  
  47  3:39  Probe x2  
  49  3:44  Robotics Facility  
  49  3:47  Assimilator  
  49  3:50  Assimilator  
  49  3:51  Probe x2  
  49  3:54  Pylon  
  51  3:55  Shield Battery  
  51  4:00  Phoenix  
  53  4:03  Probe  
  54  4:12  Probe  
  54  4:15  Probe  
  55  4:25  Phoenix, Probe  
  55  4:26  Stalker  
  55  4:27  Probe, Stalker  
  62  4:42  Pylon  
  62  4:52  Pylon  
  62  4:54  Robotics Bay  
  62  4:56  Pylon  
  64  5:00  Probe x2  
  64  5:05  Stalker x2  
  68  5:11  Observer  
  68  5:12  Probe x2  
  71  5:22  Nexus  
  71  5:25  Shield Battery  
  71  5:30  Zealot, Sentry  
  75  5:38  Colossus (Chrono Boost)  
  81  5:43  Probe x2  
  81  5:46  Pylon  
  81  5:48  Extended Thermal Lance (Chrono Boost)  
  83  5:55  Probe x2  
  85  5:57  Gateway  
  85  6:03  Observer  
  85  6:07  Pylon, Probe x2  
  87  6:17  Phoenix  
  89  6:18  Phoenix  
  89  6:19  Probe x2  
  89  6:22  Colossus (Chrono Boost)  
  97  6:30  Twilight Council  
  97  6:31  Probe  
  97  6:32  Probe  
  99  6:42  Phoenix, Probe  
  99  6:45  Pylon, Probe x2  
  99  6:46  Zealot, Sentry  
  108  6:52  Pylon  
  108  6:54  Probe  
  108  6:57  Probe x2  
  108  6:58  Forge  
  111  7:02  Pylon  
  111  7:03  Disruptor (Chrono Boost)  
  111  7:08  Gateway  
  115  7:14  Zealot  
  116  7:16  Charge (Chrono Boost)  
  116  7:18  Gateway  
  116  7:22  Zealot x2  
  119  7:25  Protoss Ground Weapons Level 1  
  119  7:27  Templar Archives  
  119  7:29  Gateway  
  119  7:31  Probe x3  
  119  7:32  Assimilator  
  119  7:33  Assimilator  
  119  7:34  Pylon  
  122  7:39  Gateway  
  122  7:50  Zealot x3, Colossus (Chrono Boost)  
  128  7:56  Pylon  
  128  7:58  Probe  
  130  8:07  Zealot  
  130  8:11  Photon Cannon  
  132  8:17  Zealot, High Templar  
  132  8:18  Zealot  
  132  8:19  Zealot  
  140  8:29  Phoenix  
  140  8:30  Zealot x2  
  142  8:35  High Templar  
  142  8:40  Archon  
  146  8:44  Zealot x2  
  125  8:51  Stalker x4  
  125  8:54  Disruptor (Chrono Boost)  
  113  8:59  Phoenix (Chrono Boost)  
  112  9:11  Zealot x3  
  112  9:17  Zealot x4  
  112  9:21  Colossus (Chrono Boost)  
  74  9:34  Stalker x3  
  74  9:37  Zealot x2  
  74  9:38  Zealot x2  
  84  9:39  Phoenix (Chrono Boost)  
  84  9:43  Probe x3  
  89  9:46  Shield Battery  
  87  9:55  Probe x3  
  87  9:58  Zealot x2  
  94  10:00  Zealot  
  94  10:07  Probe x2  
  94  10:08  Phoenix (Chrono Boost), Probe  
  95  10:17  High Templar x2  
  95  10:19  Probe x2  
  95  10:20  Probe  
  102  10:27  Blink  
  96  10:32  Probe x3  
  96  10:34  Sentry  
  96  10:35  Zealot x3  
  107  10:38  Protoss Ground Weapons Level 2 (Chrono Boost)  
  107  10:45  Colossus (Chrono Boost)  
  113  10:54  Archon  
  113  11:00  Probe  
  113  11:02  Zealot x4, Sentry  
  124  11:13  Phoenix (Chrono Boost)  
  124  11:16  Pylon  
  125  11:23  Colossus  
  131  11:27  Zealot x4  
  139  11:39  Zealot x3  
  137  11:53  Stalker x4  
  144  11:56  Phoenix (Chrono Boost)  
  146  12:05  Pylon x2  
  146  12:07  Pylon  
  142  12:23  Disruptor, Probe x3  
  142  12:24  Stalker x2  
  152  12:30  Stalker  
  108  12:52  Zealot x6  
  108  12:54  Zealot  
  120  13:14  Stalker x5  
Tags
 
Add a new tag
Caveats
  • Supply blocks, unpowered buildings, or Contaminate may cause inaccurate times.
  • Supply counts are checked every 10 seconds.